 Dungeon Crawl Stone Soup version 0.20.0-15-g7f486f2 (webtiles) character file.

1239 spacegravy the Digger (level 8, -8/45 HPs)
             Began as a Gargoyle Earth Elementalist on June 13, 2017.
             Was a Believer of Vehumet.
             Hit by a tomahawk thrown by an orc warrior (9 damage)
             ... on level 6 of the Dungeon.
             The game lasted 00:37:59 (6663 turns).

spacegravy the Digger (Gargoyle Earth Elementalist) Turns: 6663, Time: 00:38:00

Health: -8/45      AC:  8    Str: 11    XL:     8   Next: 49%
Magic:  5/15       EV: 12    Int: 19    God:    Vehumet [**....]
Gold:   275        SH:  0    Dex: 12    Spells: 7/16 levels left

rFire    . . .     SeeInvis .   D - +0 flail (holy)
rCold    . . .     Gourm    .   (no shield)
rNeg     + . .     Faith    .   c - +0 robe
rPois    ∞         Spirit   .   C - +1 hat
rElec    +         Reflect  .   (no cloak)
rCorr    .         Harm     .   (no gloves)
MR       .....                  (no boots)
Stlth    +++.......             (no amulet)
Regen    0.2/turn               r - +2 ring of dexterity
MPRegen  0.2/turn               z - ring of stealth

@: no status effects
A: negative energy resistance 1, electricity resistance, unbreathing,
petrification resistance, rot immunity, AC +5
a: Renounce Religion


You were on level 6 of the Dungeon.
You worshipped Vehumet.
Vehumet was pleased with you.
You were near starving.

You visited 1 branch of the dungeon, and saw 6 of its levels.

You collected 275 gold pieces.


Innate Abilities, Weirdness & Mutations

You are resistant to torment.
Your stone body is resilient. (AC +5)
You are immune to poison.
You resist negative energy. (rN+)
You are resistant to electric shocks. (rElec)
You can survive without breathing.
You are immune to petrification.
You are immune to rotting.


   Skills:
 + Level 2.4 Fighting
 + Level 2.4 Maces & Flails
 + Level 2.5 Dodging
 - Level 2.1 Stealth
 + Level 4.9 Spellcasting
 + Level 5.2 Conjurations
   Level 0.7 Transmutations
 + Level 7.3 Earth Magic


You had 7 spell levels left.
You knew the following spells:

 Your Spells              Type           Power        Failure   Level  Hunger
x - Stone Arrow           Conj/Erth      ####..       2%          3    ##.....
z - Sandblast             Erth           ####..       1%          1    None
X - Lee's Rapid Deconstr  Erth           ####......   17%         5    ######.

Inventory:

Hand Weapons
 p - a +0 whip
 A - a +0 morningstar
 D - a +0 flail of holy wrath (weapon)
Missiles
 b - 113 stones (quivered)
 g - a throwing net {=f}
 l - 8 curare-tipped needles {=f}
Armour
 c - a +0 robe (worn)
 C - a +1 hat (worn)
Jewellery
 r - a +2 ring of dexterity (left hand)
 z - a ring of stealth (right hand)
Wands
 s - a wand of flame (20/48)
Scrolls
 a - a scroll of enchant weapon {unknown}
 f - 4 scrolls of remove curse
 j - 11 scrolls of identify {@r1}
 n - a scroll of magic mapping {unknown}
 q - 2 scrolls of fog {unknown}
 t - a scroll of enchant armour {unknown}
 w - a scroll of amnesia {unknown}
 x - a scroll of noise {unknown}
 y - 2 scrolls of blinking
Potions
 i - a potion of curing {unknown}
 k - 3 potions of heal wounds {@q2}
 o - a potion of invisibility {unknown}
 u - a potion of brilliance {unknown}
 B - a potion of flight {unknown}
Books
 e - a book of Geomancy

   Spells                             Type                      Level
   a - Sandblast                      Earth                        1
   b - Passwall                       Transmutation/Earth          2
   c - Stone Arrow                    Conjuration/Earth            3
   d - Petrify                        Transmutation/Earth          4
   e - Lee's Rapid Deconstruction     Earth                        5
 h - a book of Air

   Spells                             Type                      Level
   a - Shock                          Conjuration/Air              1
   b - Swiftness                      Charms/Air                   2
   c - Static Discharge               Conjuration/Air              3
   d - Airstrike                      Air                          4
   e - Lightning Bolt                 Conjuration/Air              5
 v - a book of Changes

   Spells                             Type                      Level
   a - Beastly Appendage              Transmutation                1
   b - Sticks to Snakes               Transmutation                2
   c - Spider Form                    Transmutation/Poison         3
   d - Ice Form                       Ice/Transmutation            4
   e - Blade Hands                    Transmutation                5
Comestibles
 d - 3 bread rations
 m - 3 royal jellies

Dungeon Overview and Level Annotations

Branches:
Dungeon (6/15)
 Temple: D:4-7

Altars:
Ashenzari
Dithmenos
Qazlal
Ru
Uskayaw
Vehumet
Zin

▒.▒ ▒▒▒▒▒▒.▒▒▒ ▒........
▒.▒▒....▒
▒.▒▒▒▒▒.▒▒.▒▒.▒▒▒▒▒▒▒▒
▒...................▒
▒.▒▒▒▒▒(▒▒.▒▒.▒▒▒▒▒▒.▒ ▒
▒▒.▒▒.▒▒.▒▒▒▒▒▒.▒.▒
▒.8...<............
▒.▒▒▒▒▒)▒▒▒..............
▒......(.....▒▒▒▒▒.5▒▒..▒
▒▒▒▒▒▒▒.▒▒▒.............<
▒)▒ ▒.............. o.▒
▒▒.......▒▒▒..▒ ▒▒▒▒
▒▒▒▒▒▒..▒ ..▒ ▒... ..▒


You could see an orc warrior.


Message History

Aiming: Stone Arrow
Aim: an orc priest, wielding a club (hasn't noticed you)
The stone arrow misses the orc priest.
The orc priest shouts!
You hear a shout!
Aiming: Sandblast
Aim: an orc priest, wielding a club The blast of sand hits the orc priest.
You kill the orc priest!
Vehumet accepts your kill.
b - 114 stones The orc warrior hits you from afar with a glaive!
Aiming: Stone Arrow
Aim: an orc warrior, wielding a glaive and wearing a chain mail The stone arrow misses the orc warrior.
The orc warrior hits you from afar with a glaive!
* * * LOW HITPOINT WARNING * * *
Aiming: Sandblast
Aim: an orc warrior, wielding a glaive and wearing a chain mail The blast of sand hits the orc warrior.
The orc warrior is lightly wounded.
b - 113 stones The orc warrior hits you from afar with a glaive!!
* * * LOW HITPOINT WARNING * * *
The orc warrior throws a tomahawk.
The tomahawk closely misses you.
You see here a tomahawk.
The orc warrior throws a tomahawk.
The tomahawk misses you.
Things that are here:
a dagger; a ring mail The orc warrior throws a tomahawk.
The tomahawk hits you!
You die...

Action                   |  1- 3 |  4- 6 |  7- 9 || total
-------------------------+-------+-------+-------++-------
Melee: Unarmed           |    12 |       |       ||    12
       Club              |    27 |       |       ||    27
       Dagger            |    90 |       |       ||    90
       Whip              |    23 |    85 |    69 ||   177
       Morningstar       |       |       |     1 ||     1
       Flail             |       |       |    49 ||    49
 Cast: Sandblast         |    30 |    31 |    24 ||    85
       Stone Arrow       |       |    12 |    25 ||    37
       Lee's Rapid Decon |       |       |     1 ||     1
  Use: Scroll            |       |       |     3 ||     3
 Stab: Sleeping          |     1 |     2 |     2 ||     5
  Eat: Chunk             |     5 |     5 |     6 ||    16
       Meat ration       |       |     1 |       ||     1
Armor: Robe              |    82 |    40 |    41 ||   163
Dodge: Dodged            |   126 |    56 |    96 ||   278

Vault maps used:
D:1:      lightli_arrival_noodles
D:2:      vehumet_crystals, lemuel_doored_altar, ashenzari_altar_1
D:3:      chequers_temple_overflow_statue_of_worship
D:4:      lemuel_crystal_altar, uniq_natasha
D:5:      marbit_many_paths, first_bread, uniq_edmund
D:6:      kennysheep_vampire_church, minmay_temple_entry_trees,
          dk_noncrumbling_4

Notes
Turn   | Place    | Note
-------+----------+-------------------------------------------
     0 | D:1      | spacegravy the Gargoyle Earth Elementalist began the quest for the Orb.
     0 | D:1      | Reached XP level 1. HP: 10/10 MP: 3/3
   366 | D:1      | Reached XP level 2. HP: 13/15 MP: 5/5
   721 | D:1      | Reached skill level 4 in Earth Magic
  1120 | D:1      | Reached XP level 3. HP: 18/19 MP: 6/6
  1240 | D:1      | Learned a level 3 spell: Stone Arrow
  1541 | D:2      | Found a radiant altar of Vehumet.
  1550 | D:2      | Became a worshipper of Vehumet
  1570 | D:2      | Found a shattered altar of Ashenzari.
  2027 | D:2      | Found a stormy altar of Qazlal.
  2367 | D:3      | Reached skill level 1 in Conjurations
  2526 | D:3      | Reached XP level 4. HP: 23/24 MP: 8/8
  2534 | D:3      | Found a shadowy altar of Dithmenos.
  2588 | D:3      | Found a glowing silver altar of Zin.
  2685 | D:3      | Noticed a centaur
  2698 | D:3      | Killed a centaur
  2698 | D:3      | Reached skill level 3 in Spellcasting
  2698 | D:3      | Reached skill level 2 in Conjurations
  2698 | D:3      | Reached skill level 5 in Earth Magic
  2698 | D:3      | Reached XP level 5. HP: 8/28 MP: 4/9
  2948 | D:3      | Learned a level 5 spell: Lee's Rapid Deconstruction
  3106 | D:3      | Reached * piety under Vehumet
  3106 | D:3      | Offered knowledge of Magic Dart by Vehumet.
  3770 | D:4      | Noticed a hungry ghost
  3845 | D:4      | Reached skill level 3 in Conjurations
  3897 | D:4      | Reached XP level 6. HP: 32/32 MP: 1/11
  3898 | D:4      | Noticed a phantom
  4103 | D:4      | Killed a phantom
  4266 | D:4      | Reached skill level 6 in Earth Magic
  4400 | D:4      | Found a hide-covered altar of Uskayaw.
  4445 | D:4      | Noticed Natasha
  4458 | D:4      | Killed Natasha
  4500 | D:4      | Noticed Natasha
  4512 | D:4      | Killed Natasha
  4580 | D:4      | Reached skill level 4 in Conjurations
  4636 | D:4      | Noticed Natasha
  4639 | D:4      | Killed Natasha
  4639 | D:4      | Reached skill level 4 in Spellcasting
  4639 | D:4      | Reached XP level 7. HP: 36/36 MP: 5/13
  4772 | D:4      | Killed a hungry ghost
  5010 | D:5      | Entered Level 5 of the Dungeon
  5318 | D:5      | Reached skill level 1 in Fighting
  5380 | D:5      | Reached skill level 2 in Dodging
  5439 | D:5      | Noticed Edmund
  5549 | D:5      | Reached ** piety under Vehumet
  5549 | D:5      | Offered knowledge of Freeze by Vehumet.
  5580 | D:5      | Killed Edmund
  5580 | D:5      | Reached skill level 1 in Maces & Flails
  5580 | D:5      | Reached skill level 7 in Earth Magic
  5580 | D:5      | Reached XP level 8. HP: 43/43 MP: 4/15
  5931 | D:5      | Reached skill level 5 in Conjurations
  6158 | D:5      | Reached skill level 2 in Fighting
  6158 | D:5      | Reached skill level 2 in Maces & Flails
  6436 | D:5      | Found a sacrificial altar of Ru.
  6660 | D:6      | HP: 1/45 [orc warrior/glaive (19)]
  6663 | D:6      | Hit by a tomahawk thrown by an orc warrior

Vanquished Creatures
  A hungry ghost (D:4)
  Edmund (D:5)
  A phantom (D:4)
  An ogre (D:5)
  A centaur (D:3)
  A big kobold (D:5)
  A water moccasin zombie (D:5)
  2 crimson imps (D:5)
  3 orc priests
  A hound (D:5)
  2 bullfrog skeletons (D:5)
  An orc wizard (D:4)
  Natasha (thrice) (D:4)
  2 iguanas (D:4)
  3 worker ants
  A howler monkey zombie (D:5)
  2 adders (D:5)
  3 gnolls (D:5)
  A shadow imp (D:5)
  An adder zombie (D:5)
  An adder skeleton (D:4)
  2 worms
  3 leopard geckos
  12 orcs
  A bat skeleton (D:6)
  2 giant cockroaches
  11 goblins
  4 hobgoblins
  5 jackals
  A quokka (D:2)
  2 ball pythons (D:1)
  A ball python zombie (D:5)
  10 bats
  4 frilled lizards
  10 kobolds
  A leopard gecko zombie (D:5)
  12 rats
114 creatures vanquished.
